 Dungeon Crawl Stone Soup version 0.22-a0-253-gf9d0ce5 (webtiles) character file.

551368 kuniqs the Slayer (level 25, -5/238 HPs)
             Began as a Deep Dwarf Fighter on Mar 3, 2018.
             Was the Champion of Makhleb.
             Killed from afar by an ancient lich (43 damage)
             ... with an iron shot
             ... on level 5 of the Realm of Zot.
             The game lasted 01:35:12 (44456 turns).

kuniqs the Slayer (Deep Dwarf Fighter)             Turns: 44456, Time: 01:35:13

Health: -5/238     AC: 48    Str: 31    XL:     25   Next: 6%
Magic:  9/9        EV: 29    Int: 22    God:    Makhleb [******]
Gold:   868        SH: 24    Dex: 10    Spells: 19/24 levels left

rFire    + . .     SeeInvis .   S - +6 war axe "Quqoig" {pain, rN+}
rCold    + . .     Gourm    .   b - +0 large shield {reflect}
rNeg     + + +     Faith    .   I - +14 plate armour of Grace {rF+ Slay+3}
rPois    .         Spirit   .   (helmet restricted)
rElec    +         Reflect  +   B - +2 cloak
rCorr    .         Harm     .   p - +2 pair of gloves "Lurinis" {rN+ Str+4 Int+4}
MR       ++++.                  y - +1 pair of boots {Stlth+}
Stlth    ..........             R - amulet of the Air {Inacc +Fly rElec EV+5 RMsl}
HPRegen  0.00/turn              v - ring "Jeynwuon" {rC+ MR+ EV+6 Int+4}
MPRegen  0.11/turn              m - +5 ring of protection

@: lethally poisoned (-5 -> -28), non-regenerating, repel missiles
A: damage resistance, heal wounds, horns 1, talons 1, repulsion field 1, clever
1, clumsy 1, deterioration 1, frail 1, negative energy resistance 1, sense
surroundings 3, weak 1, no regeneration
}: 3/15 runes: barnacled, silver, gossamer
a: Heal Wounds, Minor Destruction, Lesser Servant of Makhleb, Major Destruction,
Greater Servant of Makhleb, Renounce Religion, Evoke Flight


You were on level 5 of the Realm of Zot.
You worshipped Makhleb.
Makhleb was exalted by your worship.
You were not hungry.

You visited 10 branches of the dungeon, and saw 50 of its levels.
You visited 3 bazaars.
You also visited: Ice Cave.

You collected 5537 gold pieces.
You spent 4669 gold pieces at shops.

Inventory:

Hand Weapons
 t - a +6 broad axe of electrocution
 S - the +6 war axe "Quqoig" (weapon) {pain, rN+}
   (You found it on level 15 of the Dungeon)

   In the hands of one skilled in necromantic magic, it inflicts extra damage on
   living creatures.
   It protects you from negative energy.
Missiles
 L - 19 throwing nets (quivered)
Armour
 b - a +0 large shield of reflection (worn)
 c - a +2 helmet
 p - the +2 pair of gloves "Lurinis" (worn) {rN+ Str+4 Int+4}
   (You bought it in a shop on level 14 of the Dungeon)

   It affects your strength (+4).
   It affects your intelligence (+4).
   It protects you from negative energy.
 y - a +1 pair of boots of stealth (worn)
 B - a +2 cloak (worn)
 I - the +14 plate armour of Grace (worn) {rF+ Slay+3}
   (You found it on level 3 of the Depths)

   It affects your accuracy and damage with ranged weapons and melee attacks
   (+3).
   It protects you from fire.
Jewellery
 m - a +5 ring of protection (right hand)
 v - the ring "Jeynwuon" (left hand) {rC+ MR+ EV+6 Int+4}
   (You bought it in a shop on level 2 of the Elven Halls)

   [ring of evasion]

   It affects your evasion (+6).
   It affects your intelligence (+4).
   It protects you from cold.
   It affects your resistance to hostile enchantments.
 G - the necklace of Bloodlust {*Rage +Rage MR++ Int-3 Slay+6 *Curse}
   (You found it on level 3 of the Depths)

   [amulet of rage]

   It affects your intelligence (-3).
   It affects your accuracy and damage with ranged weapons and melee attacks
   (+6).
   It affects your resistance to hostile enchantments.
   It lets you go berserk.
   It may make you go berserk in combat.
   It curses itself when equipped.
 R - the amulet of the Air (around neck) {Inacc +Fly rElec EV+5 RMsl}
   (You bought it in a shop in a bazaar)

   [amulet of inaccuracy]

   It reduces the accuracy of all your attacks.
   It affects your evasion (+5).
   It insulates you from electricity.
   It lets you fly.
   It protects you from missiles.
Wands
 a - a wand of digging (29)
 g - a wand of disintegration (18)
 o - a wand of acid (42)
 q - a wand of iceblast (27)
 E - a wand of random effects (27)
 J - a wand of flame (60)
 M - a wand of enslavement (40)
 N - a wand of paralysis (65)
 P - a wand of polymorph (51)
 T - a wand of scattershot (5)
 U - a wand of clouds (5)
Scrolls
 e - 14 scrolls of remove curse {@r2}
 i - 5 scrolls of fear
 r - 10 scrolls of teleportation
 u - 3 scrolls of identify {@r1}
 x - 7 scrolls of fog
 C - 7 scrolls of blinking
 D - a scroll of summoning
 F - 5 scrolls of immolation
 X - 2 scrolls of silence
Potions
 d - 2 potions of might
 k - 8 potions of curing {@q1}
 l - 7 potions of lignification
 n - 4 potions of berserk rage
 s - 3 potions of invisibility
 z - 6 potions of agility
 A - 5 potions of heal wounds
 K - 2 potions of resistance
 O - 4 potions of flight
 Q - 4 potions of haste
 W - 2 potions of cancellation
Comestibles
 f - 47 rations


   Skills:
 + Level 23.2 Fighting
 - Level 16.0 Axes
 - Level 20.0 Armour
 - Level 20.0 Dodging
 - Level 20.0 Shields
 - Level 14.0 Necromancy
 - Level 10.0 Invocations


You had 19 spell levels left.
You knew the following spells:

 Your Spells              Type           Power        Failure   Level  Hunger
a - Excruciating Wounds   Chrm/Necr      ####......   89%         5    ######.


Dungeon Overview and Level Annotations

Branches:
Dungeon (15/15)            Temple (1/1) D:7            Lair (6/6) D:10
 Shoals (4/4) Lair:2       Spider (4/4) Lair:4        Slime (0/5) Lair:6
    Orc (2/2) D:9             Elf (3/3) Orc:2        Vaults (5/5) D:13
  Crypt (0/3) Vaults:2     Depths (5/5) D:15            Zot (5/5) Depths:5

Altars:
Cheibriados
Dithmenos
Elyvilon
Gozag
Kikubaaqudgha
Makhleb
Nemelex Xobeh
Okawaru
Qazlal
Ru
Sif Muna
Trog
Vehumet
Wu Jian
Yredelemnul
Beogh
Jiyva

Shops:
D:4 *   D:14 [   Orc:2 **=!   Elf:1 *   Elf:2 =}=!   Shoals:3 %   Vaults:3 (
Depths:1 %(:

Portals:
Hell: Depths:1 Depths:2
Abyss: Depths:2

Annotations:
D:1 exclusion: rat
Lair:1 exclusion: 2 oklob plants
Lair:3 exclusion: oklob plant
Lair:6 exclusion: oklob plant
Elf:2 5 runed doors
Elf:3 exclusion: Roxanne, Roxanne


Innate Abilities, Weirdness & Mutations

You are resistant to damage.
You can heal yourself by infusing magical energy.
You resist negative energy. (rN+)
You passively map a large area around you.
You do not regenerate.
You have a pair of small horns on your head.
You have sharp toenails.
You are surrounded by a mild repulsion field. (EV +2)
Your mind is acute. (Int +2)
You are clumsy. (Dex -2)
Your body sometimes deteriorates upon taking damage.
You are frail. (-10% HP)
You are weak. (Str -2)


Message History

You block the tormentor's attack. x2
Something touches you but does no damage.
Something touches you!
* * * LOW HITPOINT WARNING * * *
The blizzard demon misses you.
The blizzard demon completely misses you.
You feel much better.
You feel very sick. You block the tormentor's attack. x2
The white draconian completely misses you.
You block the green draconian monk's attack.
The green draconian monk kicks you but does no damage.
The green draconian monk completely misses you.
The green draconian monk tail-slaps you but does no damage.
The ancient lich touches you but does no damage.
Something misses you.
You hear some strange, mumbled words.
An iron shot appears from out of thin air!
The iron shot hits you!
You die...

************ #▓▓▓▓▓ ,,,,,,,****
▓▓▓▓. ,,,,,,,,,,*** ##▓....
,,,,,,,,,,,,** ##......
,,,,,,,,,,,,,* ▓▓▓▓▓▓▓▓▓ #.......
,,,,,,,,,,,,,*▓▓.......▓▓▓.......
,,,,,,,,,.,,,▓▓.........▓▓.......
,,,,,,,,,....▓.qL2.......▓.......
,,,,,,,,,.....dd@..0^............
,,,,,,,,,....▓.{{2.......▓.......
,,,,,,,,,.,,,▓▓.........▓▓.......
,,,,,,,,,,,,,*▓▓.......▓▓▓.......
,,,,,,,,,,,,,* ▓▓▓▓▓▓▓▓▓ ▓.......
,,,,,,,,,,,,** ▓▓......
,,,,,,,,,,*** ▓▓▓.... ,,,,,,,****
▓▓▓▓. ******** *▓


You could see a green draconian monk, an ancient lich, a red draconian, a white
draconian, a blizzard demon and a tormentor.

Vanquished Creatures
  5 orbs of fire
  4 ancient liches (Zot:5)
  Mara (Elf:3)
  A juggernaut (Depths:3)
  2 Killer Klowns
  2 curse toes (Zot:5)
  3 golden dragons
  3 electric golems
  5 tentacled monstrosities
  2 liches
  A titan (Vaults:5)
  Asterion (Vaults:1)
  2 deep elf blademasters (Elf:3)
  22 Orb Guardians (Zot:5)
  3 deep elf master archers (Elf:3)
  2 quicksilver dragons (Zot:1)
  2 death cobs (Zot:5)
  7 sphinxes
  9 shadow dragons
  3 draconian monks
  9 storm dragons
  7 tengu reavers
  5 fire giants
  8 ghost moths
  An iron dragon (Vaults:5)
  11 deep elf sorcerers (Elf:3)
  2 draconian knights
  7 frost giants
  5 deep elf elementalists (Elf:3)
  3 draconian stormcallers
  A draconian scorcher (Depths:5)
  2 draconian shifters
  16 vault wardens
  5 emperor scorpions
  Louise (Spider:3)
  7 draconian annihilators
  5 war gargoyles
  6 very ugly things
  11 ironheart preservers
  2 black draconians
  14 stone giants
  3 green draconians
  Nessos (D:15)
  A small abomination (Vaults:5)
  7 white draconians
  5 deep elf demonologists
  3 entropy weavers
  3 lorocyprocas (Depths:1)
  12 deep elf annihilators
  5 yellow draconians
  A spark wasp (Spider:3)
  2 red draconians
  7 purple draconians
  4 merfolk impalers
  6 deep elf death magi
  3 merfolk javelineers
  10 ettins
  Josephine (Lair:6)
  13 fire dragons
  A great orb of eyes (Depths:1)
  12 yaktaur captains
  The ghost of George the Fighter, a journeyman MiFi of Makhleb (D:11)
  8 deep elf high priests
  7 ice dragons
  3 spriggan air magi
  33 vault guards
  4 hydras
  An alligator snapping turtle (Shoals:4)
  2 rakshasas (Depths:1)
  5 merfolk aquamancers
  10 centaur warriors
  5 death yaks (Lair:6)
  3 satyrs
  6 merfolk avatars
  23 two-headed ogres
  20 dancing weapons
  6 deep troll earth magi
  6 deep troll shamans
  6 ogre magi
  3 tengu warriors (Depths:1)
  8 spriggan berserkers
  24 deep elf knights
  6 hell knights (Depths:1)
  A fire crab (shapeshifter) (Vaults:2)
  2 shadow wraiths
  5 skeletal warriors (Vaults:2)
  The ghost of Tovarisch the Transmogrifier, a novice NaTm of Cheibriados (D:8)
  6 unseen horrors
  23 deep trolls
  An orange crystal statue (Vaults:4)
  6 sea snakes
  A swamp dragon (Lair:6)
  2 glowing orange brains
  A flayed ghost (Depths:4)
  8 wizards
  20 deep elf archers
  The ghost of braks the Cleaver, a novice DrCK of Xom (D:5)
  A lindwurm (Lair:6)
  11 harpies
  2 necromancers (Depths:1)
  10 orc knights
  3 phantasmal warriors
  10 ironbrand convokers
  38 wolf spiders
  14 ugly things
  14 orb spiders
  A salamander (shapeshifter) (Depths:5)
  61 deep elf magi
  11 manticores
  14 moths of wrath
  26 fauns
  Maurice (D:10)
  12 cyclopes
  6 black mambas
  8 merfolk sirens
  11 elephants
  A water nymph (shapeshifter) (Vaults:5)
  8 spiny frogs
  An eye of devastation (shapeshifter) (Vaults:2)
  6 water nymphs
  7 torpor snails
  17 vault sentinels
  2 kobold demonologists
  8 komodo dragons
  An efreet (D:13)
  A komodo dragon (shapeshifter) (Vaults:4)
  2 gargoyles
  12 demonic crawlers
  21 yaktaurs
  3 freezing wraiths
  5 rime drakes
  A silent spectre (Depths:3)
  2 trolls
  35 jumping spiders
  33 merfolk
  A harpy zombie (D:13)
  A wolf spider simulacrum (D:15)
  24 hornets
  A troll (shapeshifter) (Vaults:2)
  2 polar bears
  6 blink frogs (Lair:1)
  A hornet (shapeshifter) (Vaults:3)
  Grinder (D:4)
  4 tyrant leeches (Lair:6)
  33 slime creatures
  7 wind drakes
  A meliai zombie (D:13)
  9 hippogriffs
  15 dream sheep
  10 snapping turtles
  69 redbacks
  35 tarantellas
  A shadow (D:13)
  4 spriggans
  An air elemental (Elf:1)
  9 water elementals
  6 basilisks
  38 yaks
  3 wyverns
  7 wraiths
  A human (D:8)
  2 fire elementals
  A hog (shapeshifter) (Vaults:3)
  2 humans (shapeshifter)
  3 steam dragons (Lair:6)
  Grum (D:11)
  A hungry ghost (D:9)
  7 vampire mosquitoes
  4 wargs
  2 soldier ants
  7 acid dragons
  11 water moccasins
  4 porcupines
  15 ice beasts
  2 swamp drakes
  2 black bears
  33 orc warriors
  A porcupine (shapeshifter) (Vaults:4)
  An ice beast (shapeshifter) (Vaults:2)
  4 sky beasts
  2 necrophages
  14 centaurs
  20 wolves
  4 phantoms
  26 ogres
  7 boggarts
  18 crocodiles
  A gnoll sergeant (Orc:1)
  15 bullfrogs
  2 earth elementals (Elf:1)
  An elf simulacrum (Vaults:1)
  A human simulacrum (Vaults:1)
  A glowing shapeshifter simulacrum (Vaults:2)
  2 scorpions
  14 killer bees
  4 electric eels
  17 wights
  A quasit (D:9)
  2 centaur zombies
  8 crimson imps
  A bullfrog zombie (D:6)
  6 jellies
  29 orc priests
  6 hounds
  23 orc wizards
  3 bullfrog skeletons
  4 centaur skeletons
  4 iguanas
  11 worker ants
  A killer bee zombie (D:6)
  A hound zombie (D:2)
  A hound skeleton (D:4)
  A howler monkey zombie (D:5)
  A worker ant zombie (D:9)
  13 adders
  13 gnolls
  3 shadow imps
  2 white imps (Vaults:1)
  An ooze (Lair:6)
  An adder zombie (D:4)
  4 adder skeletons
  5 worms
  2 dart slugs
  6 leopard geckos
  93 orcs
  10 giant cockroaches
  10 goblins
  5 hobgoblins
  11 jackals
  3 quokkas
  9 bats
  8 frilled lizards
  14 kobolds
  A leopard gecko skeleton (D:4)
  A leopard gecko zombie (D:6)
  A quokka skeleton (D:5)
  7 rats
  2 crawling corpses (Vaults:5)
  7 plants
  A tentacle (Shoals:3)
1874 creatures vanquished.

Vanquished Creatures (collateral kills)
  Rupert (Spider:1)
  Agnes (D:15)
  Ilsuiw (Shoals:4)
  A merfolk impaler (Shoals:4)
  2 hydras (Lair:2)
  A centaur warrior (D:15)
  A satyr (Shoals:4)
  5 orc high priests
  A harpy (Shoals:4)
  2 orc sorcerers (Orc:2)
  An oklob plant (Lair:1)
  A faun (Shoals:4)
  A rime drake (Lair:2)
  3 merfolk (Shoals:4)
  A snapping turtle (Shoals:4)
  2 dream sheep (Shoals:4)
  A water elemental (Shoals:4)
  A vampire mosquito (D:15)
  3 orc warriors (Orc:2)
  An ogre (Orc:2)
  4 orc priests (Orc:2)
  A gnoll shaman (Orc:2)
  3 orc wizards (Orc:2)
  A gnoll (Orc:2)
  10 orcs
  A plant (Lair:1)
51 creatures vanquished.

Vanquished Creatures (others)
  A kraken (Shoals:3)
  A draconian knight (Depths:5)
  An entropy weaver (Spider:3)
  A deep elf demonologist (Vaults:5)
  A deep elf annihilator (Elf:3)
  A merfolk impaler (Shoals:4)
  A deep elf knight (Elf:2)
  An orb spider (Spider:4)
  3 deep elf magi
  A vault sentinel (Vaults:1)
  A wolf spider (Spider:4)
  A small abomination (Elf:3)
  A snapping turtle (Shoals:1)
  A slime creature (Depths:2)
  2 boggarts
  3 orc priests (Orc:2)
  4 fungi
  66 plants
  6 tentacles (Shoals:3)
97 creatures vanquished.

Grand Total: 2022 creatures vanquished

Notes
Turn   | Place    | Note
-------+----------+-------------------------------------------
     0 | D:1      | kuniqs the Deep Dwarf Fighter began the quest for the Orb.
     0 | D:1      | Reached XP level 1. HP: 20/20 MP: 1/1
   140 | D:1      | Reached XP level 2. HP: 24/27 MP: 2/2
   365 | D:1      | Reached skill level 1 in Dodging
   529 | D:1      | Reached XP level 3. HP: 33/33 MP: 2/2
   541 | D:1      | Reached skill level 3 in Fighting
  1063 | D:2      | Reached XP level 4. HP: 41/42 MP: 3/3
  1543 | D:3      | Reached XP level 5. HP: 42/49 MP: 4/4
  1614 | D:3      | Found a deep blue altar of Sif Muna.
  1863 | D:3      | Found a sacrificial altar of Ru.
  2037 | D:4      | Noticed an ogre
  2049 | D:4      | Killed an ogre
  2049 | D:4      | Reached XP level 6. HP: 51/57 MP: 5/5
  2069 | D:4      | Found Putres's Assorted Antiques.
  2079 | D:4      | Bought a glowing grey potion for 25 gold pieces
  2079 | D:4      | Bought a scroll labeled XOCSED ODEUPRO for 28 gold pieces
  2079 | D:4      | Bought a ruby potion for 25 gold pieces
  2262 | D:5      | Entered Level 5 of the Dungeon
  2272 | D:5      | Reached skill level 4 in Fighting
  2441 | D:5      | Reached XP level 7. HP: 54/64 MP: 6/6
  2498 | D:5      | Reached skill level 5 in Shields
  2567 | D:5      | Noticed braks's ghost (novice DrCK)
  2588 | D:6      | Found a sparkling altar of Nemelex Xobeh.
  2635 | D:7      | Noticed a hippogriff
  2640 | D:7      | Reached skill level 5 in Armour
  2669 | D:7      | Killed a hippogriff
  2852 | D:7      | Found a staircase to the Ecumenical Temple.
  2871 | Temple   | Entered the Ecumenical Temple
  2876 | Temple   | Became a worshipper of Makhleb the Destroyer
  2938 | D:7      | Reached skill level 5 in Axes
  2938 | D:7      | Reached XP level 8. HP: 59/73 MP: 6/6
  3027 | D:7      | Reached skill level 1 in Invocations
  3605 | D:6      | Noticed a hornet
  3657 | D:6      | Killed a hornet
  3657 | D:6      | Reached skill level 5 in Fighting
  3657 | D:6      | Reached skill level 5 in Dodging
  3748 | D:6      | Gained mutation: You passively map the area around you. [Deep Dwarf growth]
  3748 | D:6      | Reached XP level 9. HP: 58/81 MP: 7/7
  3984 | D:6      | Reached * piety under Makhleb
  4604 | D:5      | Killed braks's ghost
  4807 | D:4      | Noticed Grinder
  4807 | D:4      | Paralysed by Grinder for 6 turns
  4817 | D:4      | Paralysed by Grinder for 3 turns
  4832 | D:4      | Killed Grinder
  4832 | D:4      | Reached skill level 5 in Invocations
  5237 | D:8      | Reached skill level 6 in Fighting
  5448 | D:8      | Noticed Tovarisch's ghost (novice NaTm)
  5471 | D:8      | Killed Tovarisch's ghost
  5471 | D:8      | Reached XP level 10. HP: 91/91 MP: 7/7
  5737 | D:8      | Reached ** piety under Makhleb
  6202 | D:9      | Noticed a two-headed ogre
  6235 | D:9      | Killed a two-headed ogre
  6698 | D:9      | Reached skill level 7 in Fighting
  6800 | D:9      | Got a scorched chain mail
  6811 | D:9      | Identified the +8 chain mail "Lanok" {rF+} (You found it on level 9 of the Dungeon)
  6858 | D:9      | Reached *** piety under Makhleb
  6927 | D:9      | Found a staircase to the Orcish Mines.
  7229 | D:10     | Entered Level 10 of the Dungeon
  7265 | D:10     | Reached XP level 11. HP: 99/100 MP: 6/6
  7381 | D:10     | Noticed Maurice
  7431 | D:10     | Paralysed by Maurice for 7 turns
  7465 | D:10     | Killed Maurice
  7994 | D:10     | Noticed a two-headed ogre
  8033 | D:10     | Killed a two-headed ogre
  8173 | D:10     | Found a staircase to the Lair.
  8433 | D:11     | Noticed Grum
  8464 | D:11     | Killed Grum
  8470 | D:11     | Reached **** piety under Makhleb
  8552 | D:11     | Noticed a red ugly thing
  8582 | D:11     | Killed a red ugly thing
  8630 | D:11     | Noticed George's ghost (journeyman MiFi)
  8663 | D:11     | Killed George's ghost
  9004 | Lair:1   | Entered Level 1 of the Lair of Beasts
  9004 | Lair:1   | Noticed an oklob plant
  9027 | Lair:1   | Reached skill level 8 in Fighting
  9176 | Lair:1   | Noticed an oklob plant
  9283 | Lair:1   | Noticed a five-headed hydra
  9302 | Lair:1   | Killed a five-headed hydra
  9342 | Lair:1   | Reached XP level 12. HP: 85/111 MP: 9/9
  9819 | Lair:1   | Reached skill level 10 in Armour
  9994 | Lair:2   | Found an opulent altar of Gozag.
 10075 | Lair:2   | Reached skill level 10 in Shields
 10129 | Lair:2   | Noticed a seven-headed hydra
 10148 | Lair:2   | Killed a seven-headed hydra
 10448 | Lair:2   | Noticed a seven-headed hydra
 10455 | Lair:2   | Killed a seven-headed hydra
 10513 | Lair:2   | Found a staircase to the Shoals.
 10543 | Lair:2   | Reached skill level 10 in Axes
 11225 | Lair:3   | Reached skill level 10 in Dodging
 11237 | Lair:3   | Reached skill level 9 in Fighting
 11936 | Lair:4   | Reached ***** piety under Makhleb
 11982 | Lair:4   | Found a hole to the Spider Nest.
 11994 | Lair:4   | Reached XP level 13. HP: 121/121 MP: 10/10
 12271 | Lair:4   | Reached skill level 10 in Invocations
 13590 | Lair:6   | Entered Level 6 of the Lair of Beasts
 13721 | Lair:6   | Noticed a fire dragon
 13737 | Lair:6   | Killed a fire dragon
 14001 | Lair:6   | Found a runed door.
 14001 | Lair:6   | Found a viscous altar of Jiyva.
 14002 | Lair:6   | Found a staircase to the Slime Pits.
 14112 | Lair:6   | Noticed Josephine
 14182 | Lair:6   | Identified a scroll of acquirement
 14321 | Lair:6   | Reached skill level 10 in Fighting
 14636 | Lair:6   | Noticed a fire dragon
 14637 | Lair:6   | Found a runed door.
 14652 | Lair:6   | Killed a fire dragon
 15104 | Lair:6   | Gained mutation: You resist negative energy. (rN+) [Deep Dwarf growth]
 15104 | Lair:6   | Reached XP level 14. HP: 120/132 MP: 10/10
 15161 | Lair:6   | Killed Josephine
 15338 | Lair:6   | Reached ****** piety under Makhleb
 15782 | Orc:1    | Entered Level 1 of the Orcish Mines
 16101 | Orc:2    | Entered Level 2 of the Orcish Mines
 16110 | Orc:2    | Found a flickering gateway to a bazaar.
 16117 | Orc:2    | Found a staircase to the Elven Halls.
 16120 | Bazaar   | Entered a bazaar
 16124 | Bazaar   | Found Kythro's Jewellery Boutique.
 16142 | Bazaar   | Found Gumaem's Antique Armour Emporium.
 16159 | Bazaar   | Found Zofaibat's Jewellery Boutique.
 16176 | Bazaar   | Found Ufomuc's Antique Weapon Shoppe.
 16198 | Bazaar   | Bought the amulet of the Air {Inacc +Fly rElec EV+5 RMsl} for 523 gold pieces
 16198 | Bazaar   | Found the amulet of the Air {Inacc +Fly rElec EV+5 RMsl}
 16213 | Bazaar   | Bought a pair of runed gloves for 307 gold pieces
 16213 | Bazaar   | Bought a pair of embroidered boots for 307 gold pieces
 16463 | Orc:1    | Found a frozen archway.
 16499 | IceCv    | Entered an ice cave
 16772 | Orc:1    | Found a roughly hewn altar of Beogh.
 17294 | Orc:2    | Paralysed by an orc sorcerer for 3 turns
 17909 | Orc:2    | Found Qyub's Assorted Antiques.
 17909 | Orc:2    | Found Otont's Distillery.
 17909 | Orc:2    | Found Collep's Jewellery Emporium.
 17913 | Orc:2    | Found Ihideili's General Store.
 17916 | Orc:2    | Bought a scroll labeled WUSANN SOUDOTUA for 19 gold pieces
 17916 | Orc:2    | Bought a flickering ruby amulet for 95 gold pieces
 17916 | Orc:2    | Bought a scroll labeled QETZIOSTIS for 19 gold pieces
 17916 | Orc:2    | Identified the amulet "Zuli" {RegenMP rC+ MR+ Dex-2 Stlth+} (You bought it in a shop on level 2 of the Orcish Mines)
 19045 | D:13     | Found an opulent altar of Gozag.
 19304 | D:13     | Found a gate to the Vaults.
 19688 | D:13     | Reached skill level 11 in Fighting
 20958 | D:14     | Found Nub Udyl's Antique Armour Shoppe.
 20965 | D:14     | Bought a pair of slimy gloves for 342 gold pieces
 20966 | D:14     | Identified the +2 pair of gloves "Lurinis" {rN+ Str+4 Int+4} (You bought it in a shop on level 14 of the Dungeon)
 21034 | D:15     | Entered Level 15 of the Dungeon
 21035 | D:15     | Found a shadowy altar of Dithmenos.
 21069 | D:15     | Reached XP level 15. HP: 114/141 MP: 9/9
 21135 | D:15     | Found a staircase to the Depths.
 21135 | D:15     | Noticed a frost giant
 21149 | D:15     | Killed a frost giant
 21250 | D:15     | Noticed Agnes
 21314 | D:15     | Killed Agnes
 21417 | D:15     | Got a faintly glowing war axe
 21418 | D:15     | Identified the +6 war axe "Quqoig" {pain, rN+} (You found it on level 15 of the Dungeon)
 21764 | D:15     | Noticed Nessos
 21778 | D:15     | Killed Nessos
 21974 | D:12     | Identified the Guide on Dark Malediction
 21982 | D:12     | Learned a level 5 spell: Excruciating Wounds
 22173 | Spider:1 | Entered Level 1 of the Spider Nest
 22183 | Spider:1 | Reached skill level 1 in Necromancy
 22598 | Spider:1 | Reached skill level 5 in Necromancy
 22899 | Spider:1 | Noticed Rupert
 22968 | Spider:1 | Killed Rupert
 23344 | Spider:2 | Got a polished scale mail
 23513 | Spider:2 | Killed a ghost moth
 23618 | Spider:2 | Reached skill level 10 in Necromancy
 23676 | Spider:2 | Reached XP level 16. HP: 151/151 MP: 10/10
 23937 | Spider:3 | Noticed Louise
 23986 | Spider:3 | Killed Louise
 24604 | Spider:3 | Paralysed by a hornet for 2 turns
 24624 | Spider:3 | Identified the +4 scale mail "Soapau" {+Inv Str+4 Stlth-} (You found it on level 2 of the Spider Nest)
 24631 | Spider:3 | Got a twitching marble ring
 24638 | Spider:3 | Identified the ring of the Tick {rF+ rC- MR+ Str+6 Stlth-} (You found it on level 3 of the Spider Nest)
 25214 | Spider:4 | Entered Level 4 of the Spider Nest
 26039 | Spider:4 | Reached XP level 17. HP: 157/159 MP: 0/10
 26081 | Spider:4 | Got a gossamer rune of Zot
 26459 | Shoals:1 | Entered Level 1 of the Shoals
 26829 | Shoals:1 | Reached skill level 12 in Fighting
 26920 | Shoals:1 | Found a gateway to a bazaar.
 27809 | Shoals:3 | Noticed a kraken
 27821 | Shoals:3 | Killed a kraken
 27919 | Shoals:3 | Found Otomm's Food Shoppe.
 28569 | Shoals:4 | Entered Level 4 of the Shoals
 28574 | Shoals:4 | Noticed Ilsuiw
 28661 | Shoals:4 | HP: 7/162 [alligator snapping turtle (101)]
 28826 | Shoals:4 | HP: 4/162 [water nymph/the raging water (18)]
 29298 | Shoals:4 | Gained mutation: You passively map a large area around you. [Deep Dwarf growth]
 29298 | Shoals:4 | Reached XP level 18. HP: 126/170 MP: 8/8
 29317 | Shoals:4 | Got a barnacled rune of Zot
 29371 | Shoals:4 | Killed Ilsuiw
 30157 | D:14     | Bought a shiny helmet for 270 gold pieces
 30356 | Elf:1    | Entered Level 1 of the Elven Halls
 30398 | Elf:1    | Found Suovuheh's Assorted Antiques.
 30760 | Elf:1    | Reached skill level 15 in Armour
 30818 | Elf:1    | Reached skill level 15 in Shields
 31264 | Elf:2    | Reached skill level 13 in Fighting
 31335 | Elf:2    | Reached skill level 15 in Axes
 31731 | Elf:2    | Reached skill level 15 in Dodging
 31749 | Elf:2    | Found a huge runed gate.
 31749 | Elf:2    | Found a huge runed gate.
 31749 | Elf:2    | Found a huge runed gate.
 31749 | Elf:2    | Found a huge runed gate.
 31751 | Elf:2    | Found a huge runed gate.
 31805 | Elf:2    | Found Zabled's Distillery.
 31840 | Elf:2    | Found Loask's Jewellery Boutique.
 31841 | Elf:2    | Found Nemm's Gadget Shoppe.
 31886 | Elf:2    | Found Xyklat's Jewellery Boutique.
 31981 | Elf:3    | Entered Level 3 of the Elven Halls
 32401 | Elf:3    | Noticed Roxanne
 32579 | Elf:3    | Reached XP level 19. HP: 168/180 MP: 9/9
 32581 | Elf:3    | Noticed Mara
 32731 | Elf:3    | Killed Mara
 33060 | Elf:3    | Found the +4 dagger "Morg" {pain, MR+ Int+5}
 33078 | Elf:3    | Reached skill level 14 in Fighting
 33095 | Elf:3    | Got a vibrating copper amulet
 33114 | Elf:3    | Identified Taeskyil's Guide on the Voyage and Conjuration
 33139 | Elf:3    | Found the +7 lajatang of Order {silver, rMut}
 33193 | Elf:3    | Got a smoking war axe
 33202 | Elf:3    | Got a twisted broad axe
 33229 | Elf:3    | Identified the +11 war axe "Biypehec" {protect, rF+ rC- Str+5} (You found it on level 3 of the Elven Halls)
 33231 | Elf:3    | Identified the +4 broad axe "Pigen" {chop, Int+3} (You found it on level 3 of the Elven Halls)
 33236 | Elf:3    | Identified the amulet of Casmaphyad {Faith Int+3} (You took it off a deep elf death mage on level 3 of the Elven Halls)
 33544 | Elf:2    | Bought the ring "Jeynwuon" {rC+ MR+ EV+6 Int+4} for 1458 gold pieces
 33612 | Elf:1    | Bought a shiny helmet for 247 gold pieces
 33818 | Vaults:1 | Entered Level 1 of the Vaults
 34106 | Vaults:1 | Reached XP level 20. HP: 192/192 MP: 8/8
 34191 | Vaults:1 | Found a flickering gateway to a bazaar.
 34205 | Bazaar   | Entered a bazaar
 34205 | Bazaar   | Found Zyjas's Gadget Boutique.
 34205 | Bazaar   | Found Nuoleman's Book Shop.
 34205 | Bazaar   | Found Ezeacim's Weapon Boutique.
 34205 | Bazaar   | Found Xitath's General Store.
 34205 | Bazaar   | Found Doecounkiss's Gadget Boutique.
 34628 | Vaults:1 | Noticed Asterion
 34651 | Vaults:1 | Killed Asterion
 35354 | Vaults:2 | Found a staircase to the Crypt.
 35354 | Vaults:2 | Found an ancient bone altar of Kikubaaqudgha.
 35355 | Vaults:2 | Found a basalt altar of Yredelemnul.
 36812 | Vaults:3 | Reached skill level 15 in Fighting
 36828 | Vaults:3 | Found an ornate altar of the Wu Jian Council.
 37346 | Vaults:3 | Found Duteut's Antique Weapon Boutique.
 37770 | Vaults:4 | Reached XP level 21. HP: 199/201 MP: 9/9
 38667 | Vaults:5 | Entered Level 5 of the Vaults
 38886 | Vaults:5 | Got a silver rune of Zot
 39056 | Vaults:5 | Reached skill level 16 in Fighting
 39452 | Vaults:5 | Reached XP level 22. HP: 201/213 MP: 10/10
 40331 | Vaults:5 | Identified the +1 acid dragon scales of the Snail {rCorr Int+7} (You took it off a vault guard on level 5 of the Vaults)
 40739 | Bazaar   | Entered a bazaar
 40739 | Bazaar   | Found Erghownui's Food Shoppe.
 40739 | Bazaar   | Found Caechot's General Store.
 40751 | Bazaar   | Found Xuirom's Distillery.
 40772 | Bazaar   | Found Igiel's Magic Scroll Shoppe.
 40788 | Bazaar   | Found Mihelaep's Armour Emporium.
 40830 | Bazaar   | Bought a potion of resistance for 70 gold pieces
 40830 | Bazaar   | Bought a potion of curing for 21 gold pieces
 40830 | Bazaar   | Bought a potion of haste for 70 gold pieces
 40830 | Bazaar   | Bought a potion of curing for 21 gold pieces
 41145 | Orc:2    | Bought a potion of heal wounds for 85 gold pieces
 41145 | Orc:2    | Bought a potion of heal wounds for 85 gold pieces
 41145 | Orc:2    | Bought a potion of heal wounds for 85 gold pieces
 41145 | Orc:2    | Bought a potion of haste for 170 gold pieces
 41146 | Orc:2    | Bought a scroll of enchant armour for 90 gold pieces
 41146 | Orc:2    | Bought a potion of heal wounds for 60 gold pieces
 41224 | Elf:1    | Bought a scroll of enchant armour for 247 gold pieces
 41453 | Depths:1 | Entered Level 1 of the Depths
 41453 | Depths:1 | Found Onus Sau's Book Boutique.
 41534 | Depths:1 | Found Vourag's Weapon Shop.
 41897 | Depths:1 | Found the +2 cloak of the Thief {+Fog Slay-2 SInv Stlth+}
 41900 | Depths:1 | Found a gateway to Hell.
 41947 | Depths:1 | Found Jewomem's Food Shoppe.
 42272 | Depths:2 | Found a one-way gate to the infinite horrors of the Abyss.
 42446 | Depths:3 | Noticed a juggernaut
 42513 | Depths:3 | Found a transporter.
 42531 | Depths:3 | Found a transporter.
 42531 | Depths:3 | Found a runed door.
 42591 | Depths:3 | Killed a juggernaut
 42595 | Depths:3 | Found a bloodstained altar of Trog.
 42596 | Depths:3 | Found the cursed necklace of Bloodlust {*Rage +Rage MR++ Int-3 Slay+6 *Curse}
 42669 | Depths:3 | Got a steaming plate armour
 42683 | Depths:3 | Identified the +14 plate armour of Grace {rF+ Slay+3} (You found it on level 3 of the Depths)
 42753 | Depths:3 | Reached skill level 17 in Fighting
 42897 | Depths:5 | Entered Level 5 of the Depths
 42925 | Depths:5 | Reached XP level 23. HP: 224/224 MP: 11/11
 43386 | Depths:5 | Found a gate to the Realm of Zot.
 43473 | Zot:1    | Entered Level 1 of the Realm of Zot
 43509 | Depths:5 | Reached skill level 18 in Fighting
 43584 | Zot:1    | Reached skill level 19 in Fighting
 43658 | Zot:2    | Noticed an orb of fire
 43674 | Zot:2    | Gained mutation: You are clumsy. (Dex -2) [an orb of fire]
 43679 | Zot:2    | Gained mutation: You possess an exceptional clarity of mind. [an orb of fire]
 43684 | Zot:2    | Gained mutation: Your muscles are strong. (Str +2) [an orb of fire]
 43687 | Zot:2    | Killed an orb of fire
 43695 | Zot:2    | Noticed an orb of fire
 43713 | Zot:2    | Gained mutation: You expend magic power (3 MP) to strengthen your wands. [an orb of fire]
 43714 | Zot:2    | Gained mutation: You are very clumsy. (Dex -4) [an orb of fire]
 43721 | Zot:2    | Killed an orb of fire
 43721 | Zot:2    | Reached skill level 20 in Fighting
 43747 | Zot:2    | Noticed a Killer Klown
 43757 | Zot:2    | Killed a Killer Klown
 43908 | Zot:5    | Entered Level 5 of the Realm of Zot
 43986 | Zot:5    | Reached XP level 24. HP: 246/246 MP: 11/11
 44094 | Zot:5    | Reached skill level 21 in Fighting
 44140 | Zot:5    | Noticed an ancient lich
 44169 | Zot:5    | Killed an ancient lich
 44195 | Zot:5    | Noticed an ancient lich
 44206 | Zot:5    | Noticed an ancient lich
 44206 | Zot:5    | Noticed an orb of fire
 44226 | Zot:5    | Gained mutation: Your body sometimes deteriorates upon taking damage. [an orb of fire]
 44227 | Zot:5    | Gained mutation: Armour fits poorly on your strangely shaped body. [an orb of fire]
 44231 | Zot:5    | Killed an orb of fire
 44236 | Zot:5    | Noticed an orb of fire
 44237 | Zot:5    | Killed an ancient lich
 44239 | Zot:5    | Noticed an orb of fire
 44239 | Zot:5    | Killed an ancient lich
 44239 | Zot:5    | Reached skill level 22 in Fighting
 44239 | Zot:5    | Gained mutation: You are frail. (-10% HP) [an orb of fire]
 44251 | Zot:5    | Gained mutation: Your body often deteriorates upon taking damage. [an orb of fire]
 44253 | Zot:5    | Gained mutation: You are dopey. (Int -2) [an orb of fire]
 44258 | Zot:5    | Killed an orb of fire
 44259 | Zot:5    | Lost mutation: Your muscles are strong. (Str +2) [an orb of fire]
 44261 | Zot:5    | Gained mutation: Potions are less effective at restoring your health. [an orb of fire]
 44268 | Zot:5    | Gained mutation: You are weak. (Str -2) [an orb of fire]
 44277 | Zot:5    | Lost mutation: You possess an exceptional clarity of mind. [an orb of fire]
 44278 | Zot:5    | Lost mutation: You are very clumsy. (Dex -4) [an orb of fire]
 44280 | Zot:5    | Gained mutation: Potions are poor at restoring your health. [an orb of fire]
 44282 | Zot:5    | Gained mutation: You are very clumsy. (Dex -4) [an orb of fire]
 44284 | Zot:5    | Gained mutation: You tend to lose your temper in combat. [an orb of fire]
 44290 | Zot:5    | Killed an orb of fire
 44308 | Zot:5    | Lost mutation: Potions are poor at restoring your health. [potion of mutation]
 44308 | Zot:5    | Lost mutation: Armour fits poorly on your strangely shaped body. [potion of mutation]
 44308 | Zot:5    | Lost mutation: You are frail. (-10% HP) [potion of mutation]
 44308 | Zot:5    | Lost mutation: You expend magic power (3 MP) to strengthen your wands. [potion of mutation]
 44308 | Zot:5    | Gained mutation: You are partially covered in yellow scales. (AC +2) [potion of mutation]
 44309 | Zot:5    | Lost mutation: You are partially covered in yellow scales. (AC +2) [potion of mutation]
 44309 | Zot:5    | Lost mutation: You are dopey. (Int -2) [potion of mutation]
 44309 | Zot:5    | Lost mutation: Potions are less effective at restoring your health. [potion of mutation]
 44309 | Zot:5    | Gained mutation: Scrolls take you a little longer to read. [potion of mutation]
 44309 | Zot:5    | Gained mutation: You have a pair of small horns on your head. [potion of mutation]
 44310 | Zot:5    | Lost mutation: Scrolls take you a little longer to read. [potion of mutation]
 44310 | Zot:5    | Lost mutation: You are very clumsy. (Dex -4) [potion of mutation]
 44310 | Zot:5    | Gained mutation: Your mind is acute. (Int +2) [potion of mutation]
 44310 | Zot:5    | Gained mutation: You are somewhat resistant to further mutation. [potion of mutation]
 44311 | Zot:5    | Lost mutation: You are somewhat resistant to further mutation. [potion of mutation]
 44311 | Zot:5    | Lost mutation: Your body often deteriorates upon taking damage. [potion of mutation]
 44311 | Zot:5    | Lost mutation: You tend to lose your temper in combat. [potion of mutation]
 44311 | Zot:5    | Gained mutation: You are frail. (-10% HP) [potion of mutation]
 44311 | Zot:5    | Gained mutation: You have sharp toenails. [potion of mutation]
 44311 | Zot:5    | Gained mutation: You are surrounded by a mild repulsion field. (EV +2) [potion of mutation]
 44423 | Zot:5    | Noticed an ancient lich
 44424 | Zot:5    | Reached skill level 23 in Fighting
 44427 | Zot:5    | Noticed an ancient lich
 44428 | Zot:5    | Noticed an ancient lich
 44431 | Zot:5    | Noticed an ancient lich
 44436 | Zot:5    | Reached XP level 25. HP: 184/237 MP: 10/10
 44443 | Zot:5    | Killed an ancient lich
 44456 | Zot:5    | Killed from afar by an ancient lich

Vault maps used:
D:1:      erik_arrival_cave_to_civilisation, serial_park_tiny_1,
          minmay_misc_feat_iff, nrook_uturn, minmay_cut_off
D:2:      minmay_randomly_rotated_circles
D:3:      nicolae_overflow_crystal_walls, first_ration, nicolae_ru_awakened_eye
D:4:      serial_shops, kennysheep_little_box, uniq_grinder
D:6:      wad_guarded_room, basic_altar
D:7:      temple_fountains
D:8:      grunt_pizzeria
D:9:      david_orc_1_choice
D:10:     erik_lair_dragon, uniq_maurice
D:11:     st_stairs_9, uniq_grum
D:13:     lightli_vaults_fourway_checkpoint,
          nicolae_gozag_cash_rules_everything_around_me
D:14:     serial_shops, kennysheep_mini_moat
D:15:     grunt_enter_depths_snipers, grunt_dithmenos_smoke, st_stairs_13,
          uniq_agnes, uniq_nessos
Temple:   compressed_dpeg_triangle_lava_temple
Lair:1:   st_stairs_9, disabler_island, minmay_lair_oklob_chamber
Lair:2:   elwin_shoals_entry_rooms, basic_altar, minivault_25,
          beast_lair_carwin_10, infiniplex_staircase_pool
Lair:3:   serial_bayou_lake_a, serial_bayou_shore_b, grunt_megastairs_4
Lair:4:   spider_nest_entry_rubble, columned_hall_lemuel, serial_bayou_pond_e,
          kennysheep_basilisk_garden, lemuel_fruit_tree
Lair:6:   wormcave, guppyfry_lair_end_dragon, slime_altar_2,
          serial_bayou_shore_b, grunt_megastairs_2, lemuel_fruit_fields,
          infiniplex_staircase_pool_2, uniq_josephine
Shoals:1: argonaut_golden_fleece, serial_shops, freezing_bzr
Shoals:3: serial_shops, shop
Shoals:4: shoals_end_grunt_garden, shoal_ilsuiw, nicolae_shoals_cliffside_cave
Spider:1: spiders_nest_spider_trap, uniq_rupert
Spider:2: nicolae_spider_mines_3, hangedman_spider_tarantella_strand
Spider:3: uniq_louise
Spider:4: grunt_spider_rune_parallel, spider_trap
Orc:1:    portal_ice_cave_rime, bh_open_orc_temple
Orc:2:    st_orc_mages, serial_shops, bzr_entry_customers, nicolae_orc_rockfall
Elf:1:    serial_shops, shop, hangedman_corner_corridor, minivault_28
Elf:2:    serial_shops, shop, minmay_shop_grove
Elf:3:    minmay_elf_hall_four_x, uniq_roxanne, uniq_mara
Vaults:1: nicolae_vaults_little_squares_4, nicolae_vaults_puzzle_piece,
          vaults_room_fancy_cross, serial_ice_b, vaults_room_stairs_pillars,
          ontoclasm_vaults_gateway, ontoclasm_vaults_pinch, serial_ice_g,
          vaults_room_grunt_arrival_ludios, serial_shops, bzr_entry_islet,
          uniq_asterion
Vaults:2: minmay_crypt_entry_necro_gods, ontoclasm_vaults_ring_large,
          v_pattern_4, nicolae_vaults_network_square, hangedman_vaults_stagger,
          v_misc_33, nicolae_vaults_shelves_hall, ontoclasm_vaults_chip,
          nicolae_vaults_little_squares_4, ontoclasm_vaults_ligature,
          v_alt_pattern_1, hangedman_vaults_trim
Vaults:3: hangedman_vaults_impose, ontoclasm_vaults_spin,
          nicolae_vaults_bisected_exclaves, dpeg_vaults_monster_box, v_misc_22,
          v_pattern_5, vaults_dpeg_diagonal, v_rooms_4, vaults_room_pool,
          v_alt_pattern_2, nicolae_vaults_asterisk, st_check, vaults_mumra_lcd,
          basic_altar, serial_shops, shop
Vaults:4: grunt_vaults_funnel, nicolae_vaults_triangles,
          hangedman_vaults_slither, vaults_standard_mumra_lines,
          nicolae_vaults_border_crossing,
          vaults_standard_mumra_enter_the_diamond, vaults_room_grid,
          nicolae_vaults_statue_guard, v_misc_22, v_misc_16, v_misc_23,
          ontoclasm_vaults_loading_screen, nicolae_vaults_little_squares_5,
          vaults_room_hallway
Depths:1: marbit_kobold_abyss_entry, serial_shops, nicolae_shop_trees, shop,
          nicolae_shop_temple_entry_statues_fountains, shop, shop,
          pf_vacation_house_of_asmodeus, roderic_st_hans_cross,
          nrook_kobold_shadow_demons
Depths:2: regret_index_uskayaw_diablada_macabre, abyss_entry, hell_entry,
          minmay_misc_feat_square, moated_statue
Depths:3: emtedronai_trogs_sanctum, enter_ziggurat_e, kennysheep_boxes,
          hell_entry, rand_demon_pan_entry_9, minmay_staircase_windowed_large,
          uniq_sojobo
Depths:4: minmay_diamond_stairs, abyss_entry, grunt_hell_entry_dis_mu,
          small_statue_intersection, nrook_loot_triangle,
          minmay_misc_feat_more_columns, minmay_staircase_bubble, firewood_loft,
          serial_bayou_shore_a
Depths:5: grunt_zot_entry_bicorn, serial_sigils, serial_sigils_hangedman_etch,
          serial_sigils_hangedman_confine, serial_sigils_hangedman_gut,
          serial_sigils_hangedman_carve, serial_sigils_hangedman_stare,
          serial_sigils_hangedman_gnaw, hell_entry, serial_bayou_shore_b
Zot:1:    gammafunk_sealed_arena
Zot:3:    kennysheep_room_grid, st_single_dragon_hoard_2,
          hangedman_elemental_grid_stream
Zot:5:    grunt_ministairs_1
Bazaar:   bazaar_jpeg_circle_common, bazaar_minmay_trees,
          bazaar_kb_twisted_cavern
IceCv:    ice_cave_small_dragons

Skill      XL: |  1  2  3  4  5  6  7  8  9 10 11 12 13 14 15 16 17 18 19 20 21 22 23 24 |
---------------+-------------------------------------------------------------------------+-----
Dodging        | 1 2 3 4 5 6 8 9 10 11 12 13 14 15 16 17 18 19 20 | 20.0
Fighting       | 3 4 5 6 7 8 9 10 11 12 13 14 15 16 17 20 23 | 23.2
Axes           | 3 4 5 7 8 9 10 11 12 13 14 15 16 | 16.0
Shields        | 4 5 6 7 8 9 10 11 12 13 14 15 16 17 18 19 20 | 20.0
Armour         | 4 5 6 7 8 9 10 11 12 13 14 15 16 17 18 19 20 | 20.0
Invocations    | 3 6 8 9 10 | 10.0
Necromancy     | 10 14 | 14.0

Action                   |  1- 3 |  4- 6 |  7- 9 | 10-12 | 13-15 | 16-18 | 19-21 | 22-24 | 25-27 || total
-------------------------+-------+-------+-------+-------+-------+-------+-------+-------+-------++-------
Melee: War axe           |   142 |    12 |       |    24 |   876 |  2382 |  1834 |  1679 |    18 ||  6967
       Dagger            |     3 |       |       |       |       |       |       |       |       ||     3
       Whip              |       |   124 |    54 |    86 |       |       |       |       |       ||   264
       Flail             |       |    70 |    70 |  1146 |  2366 |       |       |       |       ||  3652
       Mace              |       |    12 |   545 |   403 |       |       |       |       |       ||   960
       Scimitar          |       |       |       |       |    11 |       |       |       |       ||    11
       Headbutt          |       |       |       |       |       |       |       |    22 |     8 ||    30
Invok: Lesser Servant of |       |       |       |     4 |    14 |     3 |       |       |       ||    21
       Greater Servant o |       |       |       |       |       |     2 |       |       |       ||     2
 Abil: Heal Wounds       |     1 |     2 |    13 |    18 |    20 |     9 |     9 |     6 |     2 ||    80
Evoke: Wand              |       |       |       |     4 |     6 |    12 |       |     1 |       ||    23
  Use: Scroll            |       |     3 |     5 |    13 |    21 |     5 |    13 |     9 |       ||    69
       Potion            |       |     1 |       |     5 |     1 |    23 |     4 |     7 |       ||    41
 Stab: Confused          |       |       |       |     1 |     1 |       |       |     1 |       ||     3
       Distracted        |       |       |       |       |     3 |     3 |     1 |       |       ||     7
       Paralysed         |       |       |       |       |     4 |       |       |       |       ||     4
       Held in net/web   |       |       |       |       |       |     1 |       |       |       ||     1
  Eat: Chunk             |     1 |     5 |     8 |    26 |    40 |    20 |    22 |    12 |       ||   134
       Ration            |       |       |     1 |     1 |     2 |     4 |     1 |     4 |       ||    13
Armor: Scale mail        |    76 |    37 |       |       |       |       |       |       |       ||   113
       Ring mail         |       |    22 |   125 |       |       |       |       |       |       ||   147
       Chain mail        |       |       |   308 |   812 |  1485 |  1026 |   334 |       |       ||  3965
       Gold dragon scale |       |       |       |       |       |       |    12 |   207 |       ||   219
       Plate armour      |       |       |       |       |       |       |       |   312 |    17 ||   329
Dodge: Dodged            |    46 |    62 |   308 |   484 |  1581 |  1305 |   822 |   992 |    19 ||  5619
       Deflected         |       |       |       |       |    22 |    84 |    52 |    28 |     3 ||   189
Block: Shield            |    94 |    92 |   370 |       |       |       |       |       |       ||   556
       Large shield      |       |       |   169 |  1792 |  4131 |  2752 |  1668 |  1759 |    40 || 12311
       Reflection        |       |       |       |       |       |       |       |     3 |     2 ||     5
       Rpst.: Scimitar   |       |       |       |       |     1 |       |       |       |       ||     1

Table legend:
 A = Spawn XP
 B = Non-spawn XP
 C = Spawn XP percentage of total XP
 D = Spawn monster count
 E = Non-spawn monster count
 F = Spawn count percentage of total count
 G = Total turns spent on level
                    A         B        C        D         E        F      G
               +---------+---------+-------+---------+---------+-------+---------
         Total |       0 | 1156840 |   0.0 |       0 |    1930 |   0.0 | 44456
               +---------+---------+-------+---------+---------+-------+---------
           D:1 |       0 |      54 |   0.0 |       0 |      30 |   0.0 |   837
           D:2 |       0 |     104 |   0.0 |       0 |      25 |   0.0 |   665
           D:3 |       0 |     117 |   0.0 |       0 |      28 |   0.0 |   502
           D:4 |       0 |     859 |   0.0 |       0 |      26 |   0.0 |   656
           D:5 |       0 |     907 |   0.0 |       0 |      16 |   0.0 |   591
           D:6 |       0 |    1482 |   0.0 |       0 |      24 |   0.0 |   951
           D:7 |       0 |    1050 |   0.0 |       0 |      19 |   0.0 |   888
           D:8 |       0 |    2432 |   0.0 |       0 |      21 |   0.0 |  1086
           D:9 |       0 |    3920 |   0.0 |       0 |      48 |   0.0 |  1335
          D:10 |       0 |    3325 |   0.0 |       0 |      25 |   0.0 |  1586
          D:11 |       0 |    4161 |   0.0 |       0 |      24 |   0.0 |   862
          D:12 |       0 |    4726 |   0.0 |       0 |      19 |   0.0 |  1037
          D:13 |       0 |    9346 |   0.0 |       0 |      47 |   0.0 |  1532
          D:14 |       0 |    7557 |   0.0 |       0 |      29 |   0.0 |   821
          D:15 |       0 |   17335 |   0.0 |       0 |      35 |   0.0 |   847
        Lair:1 |       0 |    6140 |   0.0 |       0 |      26 |   0.0 |   988
        Lair:2 |       0 |    6496 |   0.0 |       0 |      29 |   0.0 |  1172
        Lair:3 |       0 |    4155 |   0.0 |       0 |      19 |   0.0 |   974
        Lair:4 |       0 |    5596 |   0.0 |       0 |      22 |   0.0 |   869
        Lair:5 |       0 |    3647 |   0.0 |       0 |      13 |   0.0 |   952
        Lair:6 |       0 |   26043 |   0.0 |       0 |      78 |   0.0 |  1962
      Shoals:1 |       0 |   11065 |   0.0 |       0 |      26 |   0.0 |   768
      Shoals:2 |       0 |   16328 |   0.0 |       0 |      38 |   0.0 |   672
      Shoals:3 |       0 |   16937 |   0.0 |       0 |      37 |   0.0 |   884
      Shoals:4 |       0 |   30990 |   0.0 |       0 |      61 |   0.0 |  1099
      Spider:1 |       0 |   16531 |   0.0 |       0 |      38 |   0.0 |   859
      Spider:2 |       0 |   17842 |   0.0 |       0 |      43 |   0.0 |   959
      Spider:3 |       0 |   16456 |   0.0 |       0 |      34 |   0.0 |  1305
      Spider:4 |       0 |   47977 |   0.0 |       0 |     118 |   0.0 |  1082
         Orc:1 |       0 |    3015 |   0.0 |       0 |      34 |   0.0 |   820
         Orc:2 |       0 |    6666 |   0.0 |       0 |      88 |   0.0 |  1474
         Elf:1 |       0 |   26510 |   0.0 |       0 |      41 |   0.0 |  1022
         Elf:2 |       0 |   29021 |   0.0 |       0 |      44 |   0.0 |   765
         Elf:3 |       0 |   97276 |   0.0 |       0 |      82 |   0.0 |  1547
      Vaults:1 |       0 |   49357 |   0.0 |       0 |     100 |   0.0 |  1405
      Vaults:2 |       0 |   41428 |   0.0 |       0 |      64 |   0.0 |  1366
      Vaults:3 |       0 |   40469 |   0.0 |       0 |      58 |   0.0 |  1212
      Vaults:4 |       0 |   37364 |   0.0 |       0 |      49 |   0.0 |  1005
      Vaults:5 |       0 |  135757 |   0.0 |       0 |     113 |   0.0 |  1691
      Depths:1 |       0 |   29947 |   0.0 |       0 |      34 |   0.0 |   587
      Depths:2 |       0 |   29990 |   0.0 |       0 |      41 |   0.0 |   363
      Depths:3 |       0 |   24862 |   0.0 |       0 |      17 |   0.0 |   442
      Depths:4 |       0 |    3646 |   0.0 |       0 |       2 |   0.0 |    52
      Depths:5 |       0 |   67558 |   0.0 |       0 |      58 |   0.0 |   626
         Zot:1 |       0 |   31037 |   0.0 |       0 |      20 |   0.0 |   135
         Zot:2 |       0 |   28203 |   0.0 |       0 |       7 |   0.0 |   118
         Zot:3 |       0 |   11011 |   0.0 |       0 |       8 |   0.0 |   116
         Zot:4 |       0 |    1002 |   0.0 |       0 |       2 |   0.0 |    16
         Zot:5 |       0 |  177318 |   0.0 |       0 |      58 |   0.0 |   548
         IceCv |       0 |    1825 |   0.0 |       0 |      12 |   0.0 |   107
               +---------+---------+-------+---------+---------+-------+---------
